 Dungeon Crawl Stone Soup version 0.31-a0-986-g5e6e4ef867 (webtiles) character file.

Game seed: 11354525094425742653

463 olourkin the Conjurer (level 6, -5/32 HPs)
             Began as a Deep Elf Conjurer on Nov 10, 2023.
             Shot with an arrow by a centaur (8 damage)
             ... on level 4 of the Dungeon.
             The game lasted 00:16:28 (4036 turns).

olourkin the Conjurer (Deep Elf Conjurer)           Turns: 4036, Time: 00:16:28

Health: -5/32      AC:  2    Str:  4    XL:     6   Next: 79%
Magic:  11/16      EV: 12    Int: 25    God:
Gold:   160        SH:  0    Dex: 13    Spells: 7/16 levels left

rFire   . . .        (no weapon)
rCold   . . .        (no shield)
rNeg    . . .        a - +0 robe
rPois   .            (no helmet)
rElec   .            (no cloak)
rCorr   .            (no gloves)
SInv    .            (no boots)
Will    +....        i - amulet of regeneration
Stlth   +++          d - ring of flight
HPRegen 1.05/turn    l - ring of willpower
MPRegen 0.15/turn

%: no passive effects
@: flying
A: no striking features
a: no special abilities


You were on level 4 of the Dungeon.
You visited 1 branch of the dungeon, and saw 4 of its levels.
You also visited: Ossuary.

You collected 160 gold pieces.

Inventory:

Missiles
 t - 5 stones
Armour
 a - a +0 robe (worn)
Jewellery
 d - a ring of flight (left hand)
 i - an amulet of regeneration (around neck)
 l - a ring of willpower (right hand)
 p - a +6 ring of strength
Talismans
 r - a dragon-blood talisman
Wands
 b - a wand of roots (10)
Scrolls
 f - a scroll of revelation {unknown}
 g - 4 scrolls of fog {unknown}
 h - 6 scrolls of identify {unknown}
 j - a scroll of teleportation {unknown}
 m - a scroll of butterflies {unknown}
 o - a scroll of vulnerability {unknown}
 s - 2 scrolls of fear {unknown}
 u - a scroll of blinking {unknown}
Potions
 c - 2 potions of heal wounds {unknown}
 e - 2 potions of mutation {!q}
 k - a potion of enlightenment {unknown}
 n - 2 potions of haste {unknown}
 q - 3 potions of curing {unknown}
 v - a potion of might {unknown}


   Skills:
 - Level 2.4 Dodging
 + Level 4.3 Stealth
 + Level 5.6 Spellcasting
 * Level 7.4 Conjurations


You had 7 spell levels left.
You knew the following spells:

 Your Spells              Type           Power      Damage    Failure   Level
a - Magic Dart            Conj           100%       1d8       1%          1
b - Blink                 Tloc           14%        N/A       12%         2
u - Shock                 Conj/Air       100%       1d9       1%          1
x - Searing Ray           Conj           88%        2d7       1%          2
y - Dazzling Flash        Conj/Hex       50%        N/A       4%          3

Your spell library contained the following spells:

 Spells                   Type           Power      Damage    Failure   Level
 Kiss of Death            Conj/Necr      100%       2d13      1%          1
 Momentum Strike          Conj/Tloc      50%        3d9       2%          2
 Lesser Beckoning         Tloc           14%        N/A       12%         2
 Fulminant Prism          Conj/Hex       12%        3d9       17%         4
 Iskenderun's Mystic Bla  Conj/Tloc      25%        2d7       17%         4
 Confusing Touch          Hex            7%         N/A       22%         3
 Swiftness                Air            7%         N/A       22%         3
 Airstrike                Air            3%         2d(1-17)  58%         4
 Dispel Undead            Necr           7%         3d8       58%         4
 Leda's Liquefaction      Hex/Erth       3%         N/A       58%         4
 Lee's Rapid Deconstruct  Erth           3%         3d5*      91%         5
 Bombard                  Conj/Erth      12%        9d3       95%         6
 Simulacrum               Ice/Necr       3%         N/A       100%        6
 Ozocubu's Refrigeration  Ice            3%         4d8       100%        7
 Polar Vortex             Ice            3%         N/A       100%        9


Dungeon Overview and Level Annotations

Branches:
Dungeon (4/15)            Ossuary (visited)
 Temple: D:4-7

Altars:
Uskayaw


Message History

Casting: Magic Dart (safe; 1% risk of failure)
Confirm with . or Enter, or press ? or * to list all spells.
Aiming: Magic Dart (safe; 1% risk of failure)
Press: ? - help, Shift-Dir - straight line, f/p - hound skeleton
Aim: a hound skeleton (almost destroyed, 100% to hit)
The magic dart hits the hound skeleton!
You destroy the hound skeleton!
You start resting.
Magic restored.
You reach down and open the door.
There is an open door here.
You reach down and open the door.
A centaur comes into view.
There is an open door here.
Casting: Magic Dart (safe; 1% risk of failure)
Confirm with . or Enter, or press ? or * to list all spells.
Aiming: Searing Ray (safe; 1% risk of failure)
Press: ? - help, Shift-Dir - straight line, f - centaur
Aim: a centaur (asleep, 100% to hit)
The searing ray hits the centaur.
The centaur is lightly wounded.
The centaur shouts! (Press . to maintain the ray.)
The searing ray hits the centaur.
The centaur is lightly wounded.
The centaur wields a +0 shortbow.
The centaur shoots an arrow.
The arrow barely misses you.
The centaur shoots an arrow.
The arrow hits you!
The searing ray hits the centaur!
The centaur is heavily wounded.
The centaur shoots an arrow.
The arrow hits you!
* * * LOW HITPOINT WARNING * * *
The searing ray hits the centaur.
The centaur is severely wounded.
You finish channelling your searing ray.
The centaur shoots an arrow.
The arrow hits you.
* * * LOW HITPOINT WARNING * * *
The centaur shoots an arrow.
The arrow hits you!
* * * LOW HITPOINT WARNING * * *
The centaur shoots an arrow.
The arrow hits you!
You die...

#######+###
..........#
..........#
......c...#
+##................#
..#.....########@##
..#.....#.........#
..#.....#.........#
..#.....#...##....#
..#.....#...#######
..#.....#...#
..#.....'...+
##......#####
.'............


You could see a centaur.

Vanquished Creatures
  A scorpion (D:4)
  A hound (D:3)
  A gnoll bouda (D:4)
  An orc priest (D:3)
  Natasha (D:2)
  An orc wizard (D:3)
  4 hound skeletons (D:4)
  4 mummies (Ossuary)
  7 gnolls
  3 adders (D:3)
  An adder skeleton (D:4)
  A dart slug (D:2)
  3 orcs (D:3)
  3 endoplasms
  3 giant cockroaches
  5 goblins
  7 hobgoblins
  4 quokkas
  5 ball pythons
  3 bats
  2 frilled lizards
  A goblin zombie (Ossuary)
  A hobgoblin zombie (Ossuary)
  13 kobolds
  2 kobold zombies (Ossuary)
  3 rats
81 creatures vanquished.

Notes
Turn   | Place    | Note
-------+----------+-------------------------------------------
     0 | D:1      | olourkin the Deep Elf Conjurer began the quest for the Orb.
     0 | D:1      | Reached XP level 1. HP: 10/10 MP: 6/6
   289 | D:1      | Reached XP level 2. HP: 15/15 MP: 5/8
   543 | D:1      | Reached skill level 5 in Conjurations
   697 | D:1      | You are sucked into a shaft and drop 1 floor!
   845 | D:2      | Reached XP level 3. HP: 19/19 MP: 7/10
  1456 | D:2      | Noticed Natasha
  1463 | D:2      | Learned a level 3 spell: Dazzling Flash
  1571 | D:2      | Killed Natasha
  1817 | D:3      | Reached XP level 4. HP: 24/24 MP: 7/12
  1933 | D:3      | Learned a level 2 spell: Blink
  2132 | D:3      | Reached skill level 6 in Conjurations
  2433 | D:3      | Learned a level 1 spell: Shock
  2444 | D:3      | Reached XP level 5. HP: 16/28 MP: 5/14
  2664 | D:3      | Found a faded altar of an unknown god.
  2798 | D:3      | Found a hide-covered altar of Uskayaw.
  2954 | D:4      | Reached skill level 5 in Spellcasting
  2964 | D:3      | Reached XP level 6. HP: 27/32 MP: 2/15
  3317 | D:4      | Reached skill level 7 in Conjurations
  3412 | D:4      | Found a sand-covered staircase.
  3482 | Ossuary  | Entered an ossuary
  3486 | Ossuary  | Learned a level 2 spell: Searing Ray
  4036 | D:4      | Shot with an arrow by a centaur

Illustrated notes

Levels and vault maps discovered:
D:1:      psy_arrival_basics, layout_basic, minmay_statues_item,
          minmay_fountain_box, feat_on_display
D:2:      layout_loops_ring, kennysheep_cross_room, minmay_misc_feat_roman,
          uniq_natasha
D:3:      layout_loops_ring, nicolae_uskayaw_suspiria,
          shapermc_ecumenical_altar_pompeii, minivault_25, minmay_diced_spiral
D:4:      layout_gridville, mainiacjoe_ossuary_entry_find_the_door,
          dreamdust_wishing_well, nrook_campfire

Skill      XL: |  1  2  3  4  5  6 |
---------------+-------------------+-----
Conjurations   | 5 6 7 |  7.4
Spellcasting   | 4 5 |  5.6
Stealth        | 3 4 |  4.3
Dodging        | |  2.4

Action                     |  1- 3 |  4- 6 || total
---------------------------+-------+-------++-------
   Cast: Magic Dart        |    66 |   118 ||   184
         Shock             |       |     5 ||     5
         Blink             |       |     1 ||     1
         Searing Ray       |       |     7 ||     7
    Use: Potion            |       |     1 ||     1
 Armour: Robe              |     3 |    33 ||    36
  Dodge: Dodged            |     3 |    39 ||    42

Table legend: (Time is in decaauts)
 A = Elapsed time spent in this place.
 B = Non-inter-level travel time spent in this place.
 C = Inter-level travel time spent in this place.
 D = Time resting spent in this place.
 E = Time spent auto-exploring this place.
 F = Levels seen in this place.
 G = Mean time per level.
                   A        B        C        D        E       F      G
               +--------+--------+--------+--------+--------+-----+--------+
         Total |   4033 |   3934 |     99 |   1436 |   1719 |   5 |  806.6 |
       Dungeon |   3537 |   3438 |     99 |   1195 |   1700 |   4 |  884.2 |
       Ossuary |    495 |    495 |      0 |    241 |     19 |   1 |  495.0 |
               +--------+--------+--------+--------+--------+-----+--------+

Top non-repeatable levels by time:
     D:3: 1259 daAuts
     D:2: 1132 daAuts
     D:1: 696 daAuts
 Ossuary: 495 daAuts
     D:4: 450 daAuts
